 Dungeon Crawl Stone Soup version 0.30-a0-378-g86d51d8b50 (webtiles) character file.

Game seed: 2628772389447572297

19839 Ijustatesigmund the Timeless (level 12, 0/91 HPs)
             Began as a Demonspawn Conjurer on Nov 30, 2022.
             Was a High Priest of Cheibriados.
             Succumbed to a swamp dragon's poison gas
             ... on level 13 of the Dungeon on Dec 1, 2022.
             The game lasted 00:49:30 (19129 turns).

Ijustatesigmund the Timeless (Demonspawn Conjurer) Turns: 19129, Time: 00:49:31

Health: 0/91       AC: 17    Str: 21    XL:     12   Next: 40%
Magic:  16/24      EV: 17    Int: 37    God:    Cheibriados [*****.]
Gold:   498        SH: 12    Dex: 31    Spells: 18/28 levels left

rFire   . . .      SeeInvis .    g - +4 hand axe (elec)
rCold   . . .      Faith    .    h - +1 buckler
rNeg    . . .      Spirit   .    a - +0 steam dragon scales
rPois   .          Reflect  .    B - +1 helmet
rElec   .          Harm     .    (no cloak)
rCorr   .          Rampage  .    A - +1 pair of gloves
Will    .....                    D - +0 pair of boots
Stlth   +++.......               (no amulet)
HPRegen 0.35/turn                z - +6 ring of dexterity
MPRegen 0.19/turn                (no ring)

@: lethally poisoned (0 -> -11), on berserk cooldown, slowed, very slow
A: hooves 2, icy blue scales 2, icemail 1, powered by pain 1, condensation
shield
a: Renounce Religion, Bend Time, Temporal Distortion, Slouch, Step From Time


You were on level 13 of the Dungeon.
You worshipped Cheibriados.
Cheibriados was extremely pleased with you.
You visited 2 branches of the dungeon, and saw 14 of its levels.
You also visited: Ossuary.

You collected 714 gold pieces.
You spent 216 gold pieces at shops.

Inventory:

Hand Weapons
 d - a +1 broad axe
 g - a +4 hand axe of electrocution (weapon)
Missiles
 f - 3 curare-tipped darts
Armour
 a - +0 steam dragon scales (worn)
 h - a +1 buckler (worn)
 A - a +1 pair of gloves (worn)
 B - a +1 helmet (worn)
 D - a +0 pair of boots (worn)
 E - a +0 troll leather armour
 H - a scarf of invisibility
Jewellery
 z - a +6 ring of dexterity (left hand)
Wands
 r - a wand of polymorph (13)
 t - a wand of flame (22)
 w - a wand of digging (5)
 G - a wand of charming (6)
Scrolls
 b - 6 scrolls of amnesia
 m - 9 scrolls of teleportation
 p - 2 scrolls of poison
 u - 2 scrolls of blinking
 y - 2 scrolls of identify
 C - a scroll of enchant weapon
 F - a scroll of magic mapping
 I - a scroll of silence
 K - a scroll of summoning {unknown}
Potions
 c - 2 potions of flight
 e - a potion of cancellation
 i - 2 potions of brilliance
 j - a potion of heal wounds
 k - 2 potions of invisibility
 l - 2 potions of curing
 n - 10 potions of ambrosia
 o - 2 potions of attraction
 s - a potion of mutation
 v - a potion of resistance
 x - a potion of lignification
 J - a potion of magic


   Skills:
 - Level 7.4 Fighting
 + Level 3.2 Axes
 - Level 2.8 Armour
 - Level 5.1 Dodging
 - Level 1.7 Stealth
 - Level 3.7 Shields
 + Level 8.8 Spellcasting
 + Level 10.2 Conjurations
 - Level 2.0 Hexes
 - Level 7.7 Necromancy
 + Level 12.1 Invocations
 - Level 4.0 Evocations


You had 18 spell levels left.
You knew the following spells:

 Your Spells              Type           Power      Damage    Failure   Level
a - Magic Dart            Conj           100%       1d8       1%          1
b - Searing Ray           Conj           100%       2d8       1%          2
c - Dazzling Flash        Conj/Hex       100%       N/A       1%          3
d - Dispel Undead         Necr           65%        3d22      1%          4

Your spell library contained the following spells:

 Spells                   Type           Power      Damage    Failure   Level
 Kiss of Death            Conj/Necr      100%       2d13      1%          1
 Fulminant Prism          Conj/Hex       29%        3d13      2%          4
 Beastly Appendage        Tmut           32%        N/A       3%          1
 Wereblood                Tmut           16%        N/A       4%          2
 Confusing Touch          Hex            31%        N/A       4%          3
 Tukima's Dance           Hex            31%        N/A       4%          3
 Iskenderun's Mystic Bla  Conj/Tloc      52%        2d11      4%          4
 Ozocubu's Armour         Ice            16%        N/A       10%         3
 Spider Form              Tmut/Pois      16%        N/A       10%         3
 Passage of Golubria      Tloc           16%        N/A       32%         4
 Metabolic Englaciation   Hex/Ice        11%        N/A       52%         5
 Yara's Violent Unravell  Hex/Tmut       11%        3d6       52%         5
 Simulacrum               Ice/Necr       22%        N/A       71%         6


Dungeon Overview and Level Annotations

Branches:
Dungeon (13/15)            Temple (1/1) D:4            Lair (0/5) D:8
    Orc (0/2) D:12        Ossuary (visited)
 Vaults: D:13-14

Altars:
Cheibriados
Dithmenos
Fedhas
Makhleb
Okawaru
Qazlal
Ru
Sif Muna
Uskayaw
Wu Jian
Xom
Yredelemnul

Shops:
D:11 =[*


Innate Abilities, Weirdness & Mutations

You have hoof-like feet.
You are mostly covered in icy blue scales. (AC +3)
A meltable icy envelope protects you from harm. (AC +4)
You sometimes gain a little power by taking damage.
A meltable shield of frost defends you. (SH +4)


Message History

You feel very sick. The swamp dragon closely misses you.
The swamp dragon misses you. You block the swamp dragon's attack.
You hit the swamp dragon.
The swamp dragon is heavily wounded.
You feel very sick. The swamp dragon closely misses you.
The swamp dragon claws you. You block the swamp dragon's attack.
You hit the swamp dragon.
The swamp dragon is heavily wounded.
You feel sick.
The swamp dragon bites you but does no damage.
You block the swamp dragon's attack. x2
You hit the swamp dragon.
The swamp dragon is heavily wounded.
You feel sick.
The swamp dragon breathes poison at you.
The blast of poison engulfs you!
You are more poisoned.
You block the swamp dragon's attack. The swamp dragon barely misses you.
You block the swamp dragon's attack.
You hear a bark!
You hit the swamp dragon.
The swamp dragon is severely wounded.
You are engulfed in poison gas.
You are more poisoned.
* * * LOW HITPOINT WARNING * * *
You are no longer berserk.
You are exhausted.
You feel yourself slow down.
* * * LOW HITPOINT WARNING * * *
You feel extremely sick.
The swamp dragon breathes poison at you.
The blast of poison engulfs you!
You are more poisoned.
* * * LOW HITPOINT WARNING * * *
You feel better.
You are engulfed in poison gas.
You are poisoned.
* * * LOW HITPOINT WARNING * * *
You die...

'### .# #.# .# .### ..
.# ...# #...##.#.# ...#
##...+....# ...#
###....# ....
...###......###.######
..............°°○○...#
+.#............D@○.#
.(.##..........○☼##..#
...#.#..........#°# #
....#.##......##.#..
....$##.#....#.##.....
.....#.#.#..#.#.#......
......#.##..##.#......#
......[##....##......##
.......#......#......#


You could see a swamp dragon (catching breath).

Vanquished Creatures
  A hydra (D:12)
  A centaur warrior (D:13)
  2 two-headed ogres
  Sonja (D:12)
  Pikel (D:4)
  A deep elf pyromancer (D:12)
  A faun (D:12)
  3 manticores
  2 gargoyles (D:12)
  A kobold demonologist (D:12)
  2 komodo dragons (D:12)
  4 unseen horrors
  A queen bee (D:9)
  6 trolls
  8 slime creatures
  A hornet (D:9)
  Grinder (D:5)
  2 wyverns
  3 steam dragons
  4 yaks
  3 vampire mosquitoes (D:12)
  Menkaure (D:5)
  Duvessa (D:5)
  4 acid dragons
  A water moccasin (D:7)
  12 orc warriors
  4 ice beasts
  2 black bears
  An ogre (D:5)
  2 centaurs
  3 kobold brigands
  5 bullfrogs
  A gnoll sergeant (D:8)
  4 scorpions
  2 elf zombies (Ossuary)
  2 necrophages (D:4)
  Dowan (D:5)
  37 killer bees
  An electric eel (D:11)
  3 howler monkeys
  A centaur zombie (Ossuary)
  3 jellies
  7 hounds
  2 human zombies (Ossuary)
  9 orc priests
  3 iguanas
  16 orc wizards
  2 mummies (Ossuary)
  4 gnolls (D:8)
  7 adders
  A white imp (D:8)
  4 ufetubi
  2 worms
  A dart slug (D:3)
  49 orcs
  5 bats
  4 endoplasms
  2 giant cockroaches
  11 goblins
  7 hobgoblins
  2 jackals (D:3)
  2 quokkas
  8 ball pythons
  8 frilled lizards
  3 goblin zombies (Ossuary)
  7 hobgoblin zombies (Ossuary)
  A jackal zombie (Ossuary)
  16 kobolds
  10 kobold zombies (Ossuary)
  8 orc zombies (Ossuary)
  5 rats
  2 rat zombies (Ossuary)
348 creatures vanquished.

Vanquished Creatures (collateral kills)
  A yak (D:4)
1 creature vanquished.

Vanquished Creatures (others)
  A yak (D:4)
  5 fungi (D:8)
  4 plants
10 creatures vanquished.

Grand Total: 359 creatures vanquished

Notes
Turn   | Place    | Note
-------+----------+-------------------------------------------
     0 | D:1      | Ijustatesigmund the Demonspawn Conjurer began the quest for
                  | the Orb.
     0 | D:1      | Reached XP level 1. HP: 13/13 MP: 3/3
   376 | D:1      | Gained mutation: You are partially covered in icy blue
                  | scales. (AC +2) [demonic ancestry]
   376 | D:1      | Reached XP level 2. HP: 20/20 MP: 0/5
   662 | D:1      | Reached skill level 1 in Fighting
  1197 | D:1      | Learned a level 2 spell: Searing Ray
  1503 | D:2      | Gained mutation: You are mostly covered in icy blue scales.
                  | (AC +3) [demonic ancestry]
  1503 | D:2      | Reached XP level 3. HP: 26/26 MP: 4/6
  1629 | D:2      | Found a snail-covered altar of Cheibriados.
  1653 | D:2      | Became a worshipper of Cheibriados the Contemplative
  2277 | D:3      | Found a faded altar of an unknown god.
  2403 | D:3      | Found a sacrificial altar of Ru.
  2517 | D:3      | Reached skill level 1 in Invocations
  2518 | D:3      | Reached * piety under Cheibriados
  2519 | D:3      | Reached skill level 1 in Shields
  2960 | D:3      | Reached XP level 4. HP: 15/32 MP: 1/8
  3590 | D:4      | Reached skill level 2 in Invocations
  3613 | D:4      | Noticed a yak
  3623 | D:4      | Noticed a yak
  3623 | D:4      | Noticed a yak
  3624 | D:4      | Noticed a yak
  3625 | D:4      | Noticed a yak
  3626 | D:4      | Noticed a scorpion
  3627 | D:4      | Noticed a yak
  3645 | D:4      | Noticed a scorpion
  3653 | D:4      | Killed a scorpion
  3654 | D:4      | Gained mutation: A meltable shield of frost defends you.
                  | (SH +4) [demonic ancestry]
  3654 | D:4      | Reached XP level 5. HP: 21/37 MP: 1/9
  3661 | D:4      | Found a sand-covered staircase.
  3674 | Ossuary  | Entered an ossuary
  3738 | Ossuary  | Reached skill level 5 in Fighting
  3738 | Ossuary  | Reached skill level 5 in Dodging
  3738 | Ossuary  | Reached skill level 5 in Spellcasting
  3738 | Ossuary  | Reached skill level 7 in Invocations
  3738 | Ossuary  | Gained mutation: You have large cloven feet. [demonic
                  | ancestry]
  3738 | Ossuary  | Reached XP level 6. HP: 51/51 MP: 9/14
  3778 | Ossuary  | Learned a level 3 spell: Dazzling Flash
  4383 | Ossuary  | Reached ** piety under Cheibriados
  4612 | Ossuary  | Reached skill level 1 in Hexes
  4612 | Ossuary  | Reached XP level 7. HP: 56/56 MP: 6/15
  5377 | D:4      | Reached *** piety under Cheibriados
  5378 | D:4      | Reached skill level 8 in Invocations
  5686 | D:4      | Killed a yak
  5687 | D:4      | Reached XP level 8. HP: 63/63 MP: 16/16
  5691 | D:4      | Found a staircase to the Ecumenical Temple.
  5708 | Temple   | Entered the Ecumenical Temple
  6440 | D:5      | Entered Level 5 of the Dungeon
  6440 | D:5      | Noticed Pikel
  6453 | D:4      | Killed Pikel
  6454 | D:4      | Gained mutation: A meltable icy envelope protects you from
                  | harm. (AC +4) [demonic ancestry]
  6454 | D:4      | Reached XP level 9. HP: 44/69 MP: 7/18
  6564 | D:5      | Noticed Grinder
  6573 | D:5      | Killed Grinder
  6778 | D:5      | Noticed Menkaure
  6797 | D:5      | Killed Menkaure
  6798 | D:5      | Reached skill level 1 in Armour
  6798 | D:5      | Reached skill level 9 in Invocations
  6798 | D:5      | Reached skill level 1 in Evocations
  7222 | D:5      | Noticed Dowan
  7231 | D:5      | Killed Dowan
  7248 | D:5      | Noticed Duvessa
  7264 | D:5      | Killed Duvessa
  7886 | D:6      | Found an iron altar of Okawaru.
  7889 | D:6      | Found a basalt altar of Yredelemnul.
  7896 | D:6      | Found a shimmering altar of Xom.
  7908 | D:6      | Found a blossoming altar of Fedhas.
  7910 | D:6      | Found a shadowy altar of Dithmenos.
  7917 | D:6      | Found a snail-covered altar of Cheibriados.
  7955 | D:6      | Reached **** piety under Cheibriados
  8049 | D:6      | Found an ornate altar of the Wu Jian Council.
  9542 | D:7      | Gained mutation: You sometimes gain a little power by
                  | taking damage. [demonic ancestry]
  9542 | D:7      | Reached XP level 10. HP: 70/76 MP: 11/20
 10007 | D:7      | Found a hide-covered altar of Uskayaw.
 10007 | D:7      | Found a burning altar of Makhleb.
 10544 | D:8      | Learned a level 4 spell: Dispel Undead
 10683 | D:8      | Reached skill level 1 in Necromancy
 10892 | D:8      | Reached ***** piety under Cheibriados
 11291 | D:8      | Found a staircase to the Lair.
 11660 | D:9      | Reached skill level 1 in Axes
 12540 | D:9      | Reached skill level 5 in Necromancy
 12778 | D:9      | Reached XP level 11. HP: 59/81 MP: 5/21
 13163 | D:10     | Entered Level 10 of the Dungeon
 13345 | D:10     | Found a shimmering blue altar of Sif Muna.
 13568 | D:10     | Found a stormy altar of Qazlal.
 14579 | D:11     | Noticed a two-headed ogre
 14650 | D:10     | Killed a two-headed ogre
 15148 | D:11     | Found Icvub's Assorted Antiques.
 15149 | D:11     | Found Ewnis's Antique Armour Emporium.
 15156 | D:11     | Bought a runed scarf for 216 gold pieces
 15346 | D:11     | Reached skill level 10 in Invocations
 15429 | D:11     | Noticed a two-headed ogre
 15439 | D:11     | Killed a two-headed ogre
 15590 | D:11     | Found Gathroig's Jewellery Boutique.
 16237 | D:12     | Noticed a deep elf pyromancer
 16250 | D:12     | Killed a deep elf pyromancer
 17127 | D:12     | Noticed a boulder beetle
 17130 | D:12     | a boulder beetle changed into a faun
 17214 | D:12     | Noticed a seven-headed hydra
 17271 | D:12     | Killed a seven-headed hydra
 17272 | D:12     | Reached skill level 11 in Invocations
 17272 | D:12     | Gained mutation: You have hoof-like feet. [demonic
                  | ancestry]
 17272 | D:12     | Reached XP level 12. HP: 76/91 MP: 14/24
 17345 | D:12     | Upgraded the game from 0.30-a0-377-g5cb311bc9f to
                  | 0.30-a0-378-g86d51d8b50
 18251 | D:12     | Noticed Sonja
 18260 | D:12     | Killed Sonja
 18433 | D:12     | Found a staircase to the Orcish Mines.
 18568 | D:13     | Noticed a centaur warrior
 18583 | D:13     | Killed a centaur warrior
 18584 | D:13     | Reached skill level 10 in Conjurations
 19002 | D:13     | Reached skill level 12 in Invocations
 19129 | D:13     | HP: 2/91 [swamp dragon (shapeshifter)] (9)]
 19129 | D:13     | Succumbed to a swamp dragon's poison gas

Illustrated notes

Levels and vault maps discovered:
D:1:      elethiomel_arrival_infinity_welcomes_careful_drivers, layout_rooms,
          serial_bayou_lagoon_b
D:2:      layout_loops_ring, basic_altar, hex_tiny, nicolae_underground_beach
D:3:      layout_loops_ring, mainiacjoe_overflow_tiny_flanked,
          hellmonk_ecumenical_altar_lost_god
D:4:      layout_basic, minmay_temple_entry_poolview,
          nicolae_ossuary_entry_monument
D:5:      layout_gridville, uniq_grinder, uniq_duvessa, uniq_menkaure,
          uniq_pikel
D:6:      layout_basic, cheibriados_altar_1,
          nicolae_overflow_hallway_of_the_gods, nzn_wu_jian_contemplation
D:7:      layout_cave_pools, minitemple
D:8:      layout_cave_pools, grunt_lair_entry_orc_guard_hut,
          minmay_misc_feat_more_columns
D:9:      layout_cave_pods, serial_column_ruins, column_ruins_open_medium,
          column_ruins_open_small, column_ruins_open_small,
          column_ruins_open_large, special_room [special_room_bee]
D:10:     layout_grid_maze, nicolae_sif_muna_condensation,
          nicolae_qazlal_scattered_showers
D:11:     layout_layer_cave, serial_shops, nicolae_shop_waterfront,
          nicolae_shop_trees, shop, kennysheep_generic_room_4
D:12:     layout_basic, david_orc_4, drop_trap, nicolae_titane, uniq_sonja
D:13:     layout_basic, david_vaults_4, minmay_misc_feat_secret_circle,
          uniq_urug
Temple:   jpeg_temple_island

Skill      XL: |  1  2  3  4  5  6  7  8  9 10 11 12 |
---------------+-------------------------------------+-----
Fighting       | 1 5 6 7 |  7.4
Invocations    | 1 2 7 8 9 11 12 | 12.1
Shields        | 1 2 3 |  3.7
Spellcasting   | 3 5 6 7 8 |  8.8
Dodging        | 5 |  5.1
Conjurations   | 7 8 9 10 | 10.2
Hexes          | 1 2 |  2.0
Armour         | 2 |  2.8
Evocations     | 2 3 4 |  4.0
Necromancy     | 5 7 |  7.7
Axes           | 3 |  3.2
Stealth        | |  1.7

Action                   |  1- 3 |  4- 6 |  7- 9 | 10-12 || total
-------------------------+-------+-------+-------+-------++-------
Melee: Hand axe          |    29 |    26 |   110 |   352 ||   517
       Short sword       |     8 |       |       |       ||     8
       Kick              |       |     4 |    26 |    54 ||    84
 Cast: Magic Dart        |    61 |    59 |    85 |   121 ||   326
       Searing Ray       |     5 |    10 |    26 |    85 ||   126
       Dazzling Flash    |       |       |     6 |    42 ||    48
Invok: Slouch            |       |       |     1 |     6 ||     7
       Temporal Distorti |       |       |     1 |       ||     1
Evoke: Wand              |       |       |     8 |    13 ||    21
  Use: Scroll            |     5 |     5 |    10 |     9 ||    29
       Potion            |     1 |     1 |     2 |     6 ||    10
 Stab: Sleeping          |       |     1 |     5 |     4 ||    10
       Invisible         |       |       |     2 |    27 ||    29
Armor: Robe              |    10 |    10 |    22 |    24 ||    66
       Steam dragon scal |       |       |       |   138 ||   138
Dodge: Dodged            |    27 |    19 |   150 |   414 ||   610
Block: Buckler           |     7 |     9 |    98 |   455 ||   569

Table legend: (Time is in decaauts)
 A = Elapsed time spent in this place.
 B = Non-inter-level travel time spent in this place.
 C = Inter-level travel time spent in this place.
 D = Time resting spent in this place.
 E = Time spent auto-exploring this place.
 F = Levels seen in this place.
 G = Mean time per level.
                   A        B        C        D        E       F      G
               +--------+--------+--------+--------+--------+-----+--------+
         Total |  24624 |  23935 |    689 |   6236 |  14264 |  15 | 1641.6 |
       Dungeon |  22969 |  22280 |    689 |   5369 |  13783 |  13 | 1766.8 |
        Temple |    269 |    269 |      0 |    240 |      0 |   1 |  269.0 |
       Ossuary |   1386 |   1386 |      0 |    626 |    480 |   1 | 1386.0 |
               +--------+--------+--------+--------+--------+-----+--------+

Top non-repeatable levels by time:
    D:12: 3018 daAuts
     D:9: 2281 daAuts
    D:10: 2257 daAuts
    D:11: 2117 daAuts
     D:4: 1962 daAuts
     D:8: 1803 daAuts
     D:6: 1776 daAuts
     D:7: 1593 daAuts
     D:5: 1559 daAuts
     D:2: 1441 daAuts
 Ossuary: 1386 daAuts
     D:1: 1293 daAuts
     D:3: 1098 daAuts
    D:13: 765 daAuts
  Temple: 269 daAuts
